[Event "*** SCC Grand Prix: Titled Tuesday Blitz"]
[Site "Chess.com"]
[Date "2020.09.29"]
[Round "6"]
[White "fabianvivasz"]
[Black "stanyga"]
[Result "0-1"]
[WhiteElo "2442"]
[BlackElo "2610"]
[TimeControl "180+1"]
[EndTime "11:04:46 PDT"]
[Termination "stanyga won by resignation"]

1. e4 g6 2. d4 Bg7 3. Nc3 d6 4.
f4 Nf6 5. Bd3 c5 6. dxc5 dxc5 7.
e5 Nfd7 8. Nf3 Nc6 9. Be3 O-O 10. Qe2 Qa5 11. h4 Nb4 12. Be4 f5 13. h5 fxe4 14.
Qc4+ Kh8 15. hxg6 h6 16. Ng5 Nxc2+ 17. Kd2 Nxe3 18. Nf7+ Rxf7 19. Qxf7 Ng4 20. Rxh6+ Nxh6 21. Rh1 Nf8 22. f5 Bxf5 23. Qxf5 Qd8+ 24. Kc1 Qd3 25. Nxe4 Qe3+ 26. Kb1 Qe1+ 27. Rxe1 Nxf5 28. Rh1+ Kg8 29. g4 Ne3 30. Ng5 0-1

[Event "*** SCC Grand Prix: Titled Tuesday Blitz"]
[Site "Chess.com"]
[Date "2020.09.29"]
[Round "6"]
[White "BigAl"]
[Black "Evandro_Barbosa"]
[Result "0-1"]
[WhiteElo "2508"]
[BlackElo "2726"]
[TimeControl "180+1"]
[EndTime "11:04:47 PDT"]
[Termination "Evandro_Barbosa won by resignation"]

1. e4 c5 2. Nc3 e6 3. Nf3 Nc6 4. g3 Nf6 5. Bg2 d6 6. O-O Be7 7. Re1 O-O 8. e5 dxe5 9. Nxe5 Nxe5 10. Rxe5 Qc7 11. Re1 Bd7 12. d3 Bc6 13. a4 b6 14. Bf4 Qb7 15. Bxc6 Qxc6 16. Qe2 Rfd8 17. Ne4 Rac8 18. b3 Nd5 19. Bd2 a6 20. h4 Bf8 21. Qh5 g6 22. Qe2 Bg7 23. Rad1 b5 24. axb5 axb5 25. h5 Rd7 26. hxg6 hxg6 27. c4 Ne7 28. Bg5 Nf5 29. Nf6+ Bxf6 30. Bxf6 Nd4 31. Qe4 e5 32. Qg4 Nf3+ 33. Kf1 Nh2+ 0-1

[Event "*** SCC Grand Prix: Titled Tuesday Blitz"]
[Site "Chess.com"]
[Date "2020.09.29"]
[Round "6"]
[White "Quiet_Desperation"]
[Black "Justinz"]
[Result "0-1"]
[WhiteElo "2025"]
[BlackElo "2427"]
[TimeControl "180+1"]
[EndTime "11:04:47 PDT"]
[Termination "Justinz won by checkmate"]

1. e4 c5 2. Nf3 d6 3. d4 cxd4 4. Nxd4 Nf6 5. Nc3 a6 6. h3 e6 7. Be3 Be7 8. Qd2 b5 9. a3 Bb7 10. Bd3 Nbd7 11. O-O-O O-O 12. g4 Nc5 13. f3 Qc7 14.
Kb1 Rfd8 15. h4 Nfd7 16. g5 Nb6 17. h5 d5 18. g6 dxe4 19. fxe4 e5 20. Nf5 Nxe4 21. gxf7+ Kf8 22. Nxe4 Bxe4 23. Rhf1 Nc4 24. Qf2 Bxd3 25. cxd3 Nxe3 26. Qxe3 Bf6 27. Rc1 Qd7 28. Qc5+ Kxf7 29. h6 Rac8 30. Qg1 Rxc1+ 31. Kxc1 Qxd3 32. Nd6+ Rxd6 33. Qxg7+ Ke8 34. Qg8+ Kd7 35. Qf7+ Kc6 36. Qe8+ Kc7 37. Rxf6 Qd1# 0-1

[Event "*** SCC Grand Prix: Titled Tuesday Blitz"]
[Site "Chess.com"]
[Date "2020.09.29"]
[Round "6"]
[White "r31415"]
[Black "cassoulet"]
[Result "1-0"]
[WhiteElo "2475"]
[BlackElo "2623"]
[TimeControl "180+1"]
[EndTime "11:04:48 PDT"]
[Termination "r31415 won by checkmate"]

1. e4 c5 2. Nf3 Nc6 3. d4 cxd4 4. Nxd4 Nf6 5. Nc3 e6 6. Ndb5 d6 7. Bf4 e5 8. Bg5 a6 9. Na3 b5 10. Bxf6 gxf6 11. Nd5 Bg7 12. Bd3 f5 13. Qh5 f4 14.
c3 Ne7 15. Nxe7 Qxe7 16. Nc2 O-O 17. a4 f5 18. axb5 d5 19. exd5 e4 20. Bc4 Qc5 21.
Ra4 Bd7 22. O-O Bxb5 23. Bxb5 Qxb5 24. Rb4 Qxd5 25. Rd1 Qc5 26. Rb7 Ra7 27. b4 Qxc3 28.
Rxa7 Qxc2 29. h4 e3 30. Rxg7+ Kxg7 31. Rd7+ Kf6 32. Qg5+ Ke5 33. Qe7# 1-0

[Event "*** SCC Grand Prix: Titled Tuesday Blitz"]
[Site "Chess.com"]
[Date "2020.09.29"]
[Round "6"]
[White "Matols"]
[Black "ChelsieMonica"]
[Result "1-0"]
[WhiteElo "2262"]
[BlackElo "2363"]
[TimeControl "180+1"]
[EndTime "11:04:48 PDT"]
[Termination "Matols won by checkmate"]

1. d4 c5 2. d5 Nf6 3. c4 g6 4. Nc3 Bg7 5. e4 d6 6. h3 O-O 7. Nf3 a6 8. a4 e5 9. Bd3 Nh5 10. g3 Qe8 11. g4 Nf4 12. Bf1 f5 13. gxf5 gxf5 14. Be3 Qh5 15. Rg1 Kh8 16. Ng5 Qxd1+ 17. Rxd1 h6 18. Bxf4 exf4 19. Ne6 Bxe6 20. dxe6 Nc6 21.
Rxd6 Nd4 22. Be2 f3 23. Bd1 Rae8 24. Rd7 Nxe6 25. Bxf3 fxe4 26. Bh5 Rd8 27. Re7 Nf4 28. Rgxg7 Rf5 29. Rh7+ Kg8 30. Reg7+ Kf8 31. Rf7+ Kg8 32. Rxf5 Nd3+ 33. Ke2 Kxh7 34. Nd5 Kg7 35. Rf7+ Kg8 36. Nf6+ Kh8 37. Rh7# 1-0

[Event "*** SCC Grand Prix: Titled Tuesday Blitz"]
[Site "Chess.com"]
[Date "2020.09.29"]
[Round "6"]
[White "RobertoJBM"]
[Black "Parhamov"]
[Result "0-1"]
[WhiteElo "2719"]
[BlackElo "2965"]
[TimeControl "180+1"]
[EndTime "11:04:49 PDT"]
[Termination "Parhamov won on time"]

1. d4 d5 2. Nf3 Nf6 3. e3 c5 4. c3 Nbd7 5. Bd3 g6 6. O-O Bg7 7.
Nbd2 Qc7 8. Qe2 O-O 9. b3 b6 10. Bb2 Bb7 11. Rac1 Rac8 12. Rfd1 Rfe8 13. Ba6 Bxa6 14.
Qxa6 Nb8 15. Qd3 Qb7 16. dxc5 e5 17. Qe2 bxc5 18. e4 d4 19. Ne1 Bh6 20. f3 Nbd7 21. Nd3 Qa6 22. c4 Nh5 23. g3 Ng7 24. Kg2 f5 25.
Ra1 Be3 26. Nf1 f4 27. Nf2 h5 28. Nh3 Qf6 29. Nxe3 fxe3 30. Rf1 Ne6 31. Rae1 g5 32. Ng1 Qg6 33. Qd3 Rf8 34. Ne2 Rf7 35. Bc1 Rcf8 36.
Bxe3 dxe3 37. Qxe3 Nd4 38. Rd1 Nb8 39. Nc3 Nbc6 40.
Nd5 Kg7 41. Rf2 Rxf3 42. Rxf3 Rxf3 43. Qxf3 Nxf3 44. Kxf3 Nd4+ 45. Ke3 Qf7 0-1

[Event "*** SCC Grand Prix: Titled Tuesday Blitz"]
[Site "Chess.com"]
[Date "2020.09.29"]
[Round "6"]
[White "VMikhalevski"]
[Black "AlexSuv"]
[Result "1-0"]
[WhiteElo "2714"]
[BlackElo "2507"]
[TimeControl "180+1"]
[EndTime "11:04:49 PDT"]
[Termination "VMikhalevski won by resignation"]

1. Nf3 d5 2. g3 Nf6 3. Bg2 c6 4. O-O Bf5 5. c4 Nbd7 6. d3 e6 7. Qb3 Qb6 8. Be3 Bc5 9. d4 Be7 10. Nc3 O-O 11. c5 Qxb3 12. axb3 h6 13. b4 a6 14. h3 Ne4 15. Ne1 e5 16. Bxe4 Bxe4 17. Nxe4 dxe4 18. Nc2 Bf6 19. Rfd1 exd4 20. Bxd4 Rad8 21.
Ne3 Bxd4 22. Rxd4 Nf6 23. Rad1 Rxd4 24. Rxd4 Re8 25. Nc4 g6 26. g4 Kg7 27. e3 Re7 28.
Nb6 Re5 29. Kf1 h5 30. Nd7 Re7 31. Nb6 hxg4 32. hxg4 Nxg4 33. Nc4 Nh2+ 34. Ke2 Nf3 35. Rd8 Kf6 36. Nd6 Ng5 37. Rb8 Ne6 38. Nxb7 Nc7 39.
Nd8 Nb5 40. Nxc6 Rd7 41. Rb6 Kg5 42. Rxa6 Rd3 43. Ne5 Ra3 44. Nxf7+ Kh5 45. bxa3 1-0

[Event "*** SCC Grand Prix: Titled Tuesday Blitz"]
[Site "Chess.com"]
[Date "2020.09.29"]
[Round "6"]
[White "PLAYER_2006_M"]
[Black "Kaslask"]
[Result "1-0"]
[WhiteElo "2558"]
[BlackElo "2350"]
[TimeControl "180+1"]
[EndTime "11:04:49 PDT"]
[Termination "PLAYER_2006_M won by resignation"]

1. d4 Nf6 2. Nc3 d5 3. Bf4 c6 4. e3 Bf5 5. f3 e6 6. g4 Bg6 7. h4 h5 8. g5 Nfd7 9. Bd3 Bxd3 10.
Qxd3 g6 11. O-O-O Qa5 12. e4 Na6 13. a3 b5 14. exd5 cxd5 15. Qxb5 Qxb5 16. Nxb5 Be7 17. Ne2 O-O 18. Rd3 Nb6 19. b3 Rfc8 20. Kb2 Rc6 21.
Rc3 Rxc3 22. Nexc3 Nd7 23. Re1 Bf8 24. Na4 Bg7 25.
Re3 Ndc5 26. Nxc5 Nxc5 27. Rc3 a6 28. Rxc5 axb5 29. Be5 Bf8 30. Rxb5 Bxa3+ 31. Kb1 Kf8 32. b4 Ke8 33. c3 Kd7 34. Rb7+ Kc6 35. Rxf7 Kb5 36.
Kc2 Rc8 37. Rb7+ Ka6 38. Rc7 Rxc7 39. Bxc7 Kb5 40. Bf4 Kc4 41. Be3 Kb5 42. Kb3 1-0

[Event "*** SCC Grand Prix: Titled Tuesday Blitz"]
[Site "Chess.com"]
[Date "2020.09.29"]
[Round "6"]
[White "KarstenHansch"]
[Black "Margency"]
[Result "0-1"]
[WhiteElo "2465"]
[BlackElo "2645"]
[TimeControl "180+1"]
[EndTime "11:04:53 PDT"]
[Termination "Margency won by resignation"]

1. e4 c5 2. Nf3 d6 3. Bb5+ Nc6 4.
O-O Bd7 5. Re1 Nf6 6. c3 a6 7.
Bf1 Bg4 8. h3 Bxf3 9. Qxf3 e6 10. d3 Be7 11. Nd2 O-O 12. Qd1 d5 13. e5 Nd7 14. Nf3 Qc7 15. Bf4 b5 16. Qd2 b4 17.
c4 dxc4 18. dxc4 Rfd8 19. Qe3 Nf8 20. Rad1 Ng6 21. Bg3 Rxd1 22. Rxd1 Rd8 23. Rxd8+ Qxd8 24. Bd3 Nf8 25. b3 g6 26. Be4 Nd4 27. Nxd4 cxd4 28. Qd2 a5 29. f4 Nd7 30. Bf2 Nc5 31. Bb1 d3 32. Kf1 h5 33. Bxc5 Bxc5 34. Qxd3 Qh4 35. Qf3 Kg7 36. Be4 Ba7 37. Ke2 Qd8 38. Qd3 Qb6 39.
Kd1 Qf2 40. g3 Qxa2 41. Bxg6 fxg6 42. Qd7+ Kh6 43. Qxa7 Qxb3+ 44. Ke2 Qxc4+ 45. Kf3 Qf1+ 46. Ke4 Qe2+ 47. Qe3 Qxe3+ 48. Kxe3 a4 49. Kd4 a3 0-1

[Event "*** SCC Grand Prix: Titled Tuesday Blitz"]
[Site "Chess.com"]
[Date "2020.09.29"]
[Round "6"]
[White "alexrustemov"]
[Black "Egorov_Pavel"]
[Result "1-0"]
[WhiteElo "2719"]
[BlackElo "2446"]
[TimeControl "180+1"]
[EndTime "11:04:53 PDT"]
[Termination "alexrustemov won on time"]

1. d4 Nf6 2. c4 g6 3. Nf3 Bg7 4. g3 d5 5. cxd5 Nxd5 6. Bg2 O-O 7. O-O Nc6 8. Nc3 Nb6 9. e3 Re8 10. Re1 e5 11. d5 Na5 12. e4 c6 13. Bg5 f6 14. Be3 Nac4 15. dxc6 bxc6 16. Bc1 Qxd1 17. Rxd1 Bg4 18. h3 Bxf3 19. Bxf3 Rad8 20. b3 Rxd1+ 21.
Bxd1 Nd6 22. Be2 f5 23. f3 fxe4 24. Nxe4 Nf5 25. Kf2 Nd4 26. Bg5 Nd5 27. Rc1 h6 28. Bd2 Bf8 29. Rc4 Re7 30. Ra4 Rf7 31. h4 Kg7 32.
Be3 Nxe3 33. Kxe3 Nf5+ 34. Kd2 Nd4 35. Ke3 Nf5+ 36. Kf2 Nd4 37. g4 Ne6 38. Bc4 Re7 39.
Bxe6 Rxe6 40. Rxa7+ Kg8 41. g5 hxg5 42. hxg5 Be7 43.
Ke3 Kf7 44. a4 Ke8 45. a5 c5 46. Kd3 Rc6 47. Kc4 1-0

[Event "*** SCC Grand Prix: Titled Tuesday Blitz"]
[Site "Chess.com"]
[Date "2020.09.29"]
[Round "6"]
[White "Tooweak2slow03"]
[Black "EvgenyRomanov"]
[Result "1-0"]
[WhiteElo "2814"]
[BlackElo "2605"]
[TimeControl "180+1"]
[EndTime "11:04:54 PDT"]
[Termination "Tooweak2slow03 won by resignation"]

1. e4 e6 2. Nf3 d5 3. e5 c5 4. b4 cxb4 5. a3 Nc6 6. d4 bxa3 7. Bxa3 Bxa3 8. Nxa3 Nge7 9. Bd3 Bd7 10. Nb5 Nc8 11. c3 a6 12. h4 h6 13. Nd2 Na5 14. Na3 b5 15. Nc2 Nc4 16. Qg4 Nb2 17. Rh3 Nxd3+ 18. Rxd3 Rg8 19. h5 Nb6 20. Nb3 Na4 21. Rf3 Qe7 22. Na5 Rc8 23. Nb4 Rxc3 24. Nxa6 Rxf3 25.
Qxf3 Bc8 26. Nc6 Qb7 27. Nab4 Bd7 28. Rc1 Nb2 29. Qa3 Nc4 30. Na5 Nxa3 31. Nxb7 Nc4 32.
Ra1 Bc8 33. Nc5 Nb6 34. Ra7 Nd7 35. Nxd7 1-0

[Event "*** SCC Grand Prix: Titled Tuesday Blitz"]
[Site "Chess.com"]
[Date "2020.09.29"]
[Round "6"]
[White "lachesisQ"]
[Black "rasmussvane"]
[Result "1-0"]
[WhiteElo "3117"]
[BlackElo "2900"]
[TimeControl "180+1"]
[EndTime "11:04:55 PDT"]
[Termination "lachesisQ won by resignation"]

1. b3 d5 2. Bb2 Bf5 3. d3 e6 4. Nd2 h6 5. g3 Nf6 6. Bg2 Be7 7. e4 Bh7 8. Nh3 O-O 9. O-O c5 10.
exd5 exd5 11. Nf4 Nc6 12. Re1 Rc8 13. Nf3 g5 14. Ne2 Bd6 15. h4 g4 16. Nh2 d4 17. Bc1 h5 18. Bg5 Be5 19. f3 gxf3 20.
Nxf3 Qd6 21. Nxe5 Nxe5 22. Nf4 Bg6 23. Bxf6 Qxf6 24. Nxh5 Qf5 25. Nf4 Rfe8 26. Bh3 Qf6 27. Bxc8 Rxc8 28. Qe2 Re8 29. Qg2 Bf5 30. Qxb7 Bg4 31.
Rf1 Qg7 32. Qg2 a5 33. Rae1 Nf3+ 34. Qxf3 Bxf3 35. Rxe8+ Kh7 36. Rxf3 1-0

[Event "*** SCC Grand Prix: Titled Tuesday Blitz"]
[Site "Chess.com"]
[Date "2020.09.29"]
[Round "6"]
[White "chessfrendz"]
[Black "Alexsur1981"]
[Result "1/2-1/2"]
[WhiteElo "2361"]
[BlackElo "2751"]
[TimeControl "180+1"]
[EndTime "11:04:55 PDT"]
[Termination "Game drawn by repetition"]

1. d4 d6 2. Nf3 Bg4 3. Nbd2 Nd7 4.
g3 Ngf6 5. Bg2 c6 6. O-O e5 7. dxe5 dxe5 8. h3 Bh5 9. e4 Qc7 10. Qe1 b5 11. Nh4 Bc5 12. Nf5 O-O 13. Nf3 Rfd8 14.
b4 Bb6 15. Bb2 Bxf3 16. Bxf3 g6 17. Nh6+ Kg7 18. Ng4 h5 19. Nxf6 Nxf6 20. Rd1 h4 21. g4 Nh7 22. Rxd8 Rxd8 23. Qc1 g5 24. Rd1 f6 25. c4 Rxd1+ 26. Bxd1 Qd7 27. c5 Bd8 28. Bb3 Nf8 29. a4 a6 30. axb5 axb5 31. Qc2 Ng6 32. Qd1 Qe7 33. Ba2 Nf4 34. Qb3 Qe8 35. Kf1 Bc7 36. Bc1 Ng6 37. Be3 Bd8 38. Ke2 Bc7 39. Qe6 Qxe6 40. Bxe6 Kf8 41. Bd7 Ne7 42. Bd2 Bb8 43.
Be3 Bc7 44. Kd3 Bb8 45. f3 Bc7 46. Kc2 Bb8 47. Kd3 Bc7 48. Bf2 Bb8 49. Be3 1/2-1/2

[Event "*** SCC Grand Prix: Titled Tuesday Blitz"]
[Site "Chess.com"]
[Date "2020.09.29"]
[Round "6"]
[White "youngKID"]
[Black "AleksanderHnydiuk"]
[Result "1-0"]
[WhiteElo "2774"]
[BlackElo "2556"]
[TimeControl "180+1"]
[EndTime "11:04:55 PDT"]
[Termination "youngKID won on time"]

1. Nf3 Nf6 2. d4 g6 3. Bg5 Bg7 4. Nbd2 c5 5. e3 cxd4 6. exd4 O-O 7. Bd3 b6 8. O-O Bb7 9. Re1 d6 10. c4 Nc6 11. Rc1 Nd7 12. d5 Nce5 13. Nxe5 Nxe5 14. Bf1 Re8 15. Nb3 h6 16. Be3 e6 17. dxe6 Rxe6 18.
Nd4 Re8 19. Nb5 Re6 20. b3 Qd7 21. Qd2 Kh7 22. f4 Ng4 23. Bd4 Nf6 24. Rxe6 fxe6 25. Rd1 Ne4 26. Qc2 a6 27. Bxg7 Qxg7 28. Nxd6 Rd8 29. Nxb7 Rxd1 30. Qxd1 Qxb7 31. Qd4 b5 32. cxb5 axb5 33. Bd3 Nd2 34. Qe3 1-0

[Event "*** SCC Grand Prix: Titled Tuesday Blitz"]
[Site "Chess.com"]
[Date "2020.09.29"]
[Round "6"]
[White "BJthechessgod"]
[Black "Orest_Vovk"]
[Result "0-1"]
[WhiteElo "2298"]
[BlackElo "2400"]
[TimeControl "180+1"]
[EndTime "11:04:55 PDT"]
[Termination "Orest_Vovk won by checkmate"]

1. e4 Nc6 2. d4 e5 3. Nf3 exd4 4. Bc4 d6 5. O-O Bg4 6. c3 d3 7. Bxd3 Ne5 8. Be2 Bxf3 9. Bxf3 Nxf3+ 10. Qxf3 c6 11.
Re1 Nf6 12. e5 dxe5 13. Rxe5+ Be7 14. Qe2 Qd7 15. Bg5 Kf8 16. Nd2 Re8 17. Re1 Ng8 18. Bxe7+ Rxe7 19. Nc4 Rxe5 20. Qxe5 f6 21. Qb8+ Kf7 22.
Nd6+ Kg6 23. Re8 h5 24. h4 Kh7 25. Nxb7 Qd1+ 26. Kh2 Qd2 27. Qg3 Nh6 28. Rxh8+ Kxh8 29. b4 Ng4+ 30. Kh3 Qd7 31. Nc5 Nxf2+ 32. Kh2 Ng4+ 33.
Kh3 Qd1 34. Qb8+ Kh7 35. Kg3 Qe1+ 36. Kf3 Qe3# 0-1

[Event "*** SCC Grand Prix: Titled Tuesday Blitz"]
[Site "Chess.com"]
[Date "2020.09.29"]
[Round "6"]
[White "Aygehovit1992"]
[Black "mr_gustavo"]
[Result "0-1"]
[WhiteElo "2634"]
[BlackElo "2381"]
[TimeControl "180+1"]
[EndTime "11:05:00 PDT"]
[Termination "mr_gustavo won by resignation"]

1. e4 c5 2. Nc3 d6 3. f4 Nc6 4.
Nf3 g6 5. Bb5 Bg7 6. Bxc6+ bxc6 7.
O-O Nh6 8. d3 O-O 9. Qe1 f5 10. e5 Nf7 11. Bd2 dxe5 12. fxe5 Nxe5 13. Nxe5 Qd4+ 14. Qf2 Qxf2+ 15. Rxf2 Bxe5 16. Be3 Ba6 17. Bxc5 Rab8 18. Re1 Bg7 19. Nd1 Rfe8 20. b3 e5 21. Bxa7 Ra8 22. Bc5 Bc8 23. a4 Ra5 24. Bb6 Rd5 25. Ne3 Rd7 26. Nc4 Ba6 27. Rfe2 Bxc4 28. bxc4 e4 29. dxe4 Bc3 30. Rb1 Rxe4 31. Rxe4 fxe4 32.
a5 e3 33. a6 e2 34. Kf2 Rd1 35.
Kxe2 Rxb1 36. a7 Ra1 37. Kd3 Bf6 38. Ke4 Kf7 39. g4 Ke8 40. h4 Kd7 41. g5 Bd8 42.
c5 Bxb6 43. cxb6 Kc8 44. c4 Kb7 45. c5 Ra4+ 46. Ke5 Rxh4 47. Kd6 Rd4+ 48. Ke6 Rd5 0-1

[Event "*** SCC Grand Prix: Titled Tuesday Blitz"]
[Site "Chess.com"]
[Date "2020.09.29"]
[Round "6"]
[White "pastouche06"]
[Black "almo64"]
[Result "0-1"]
[WhiteElo "2490"]
[BlackElo "2704"]
[TimeControl "180+1"]
[EndTime "11:05:02 PDT"]
[Termination "almo64 won by resignation"]

1. d4 d5 2. c4 c6 3. Nf3 Nf6 4. Qc2 g6 5. Bf4 Bf5 6. Qb3 dxc4 7. Qxb7 Nd5 8. Bxb8 Rxb8 9. Qxc6+ Qd7 10. Qxd7+ Bxd7 11. Na3 e5 12. Nxc4 Bb4+ 13. Nfd2 exd4 14. a3 Be7 15. g3 O-O 16. Bg2 Be6 17. O-O Rfc8 18. Rfc1 Bg5 19. f4 Bf6 20. Ne4 Bg7 21. Ng5 Nc3 22. bxc3 Bxc4 23. Ne4 Bxe2 24. Kf2 Bd3 25. Nd6 Rxc3 26.
Rxc3 dxc3 27. Rc1 Bd4+ 28. Ke1 Rb2 0-1

[Event "*** SCC Grand Prix: Titled Tuesday Blitz"]
[Site "Chess.com"]
[Date "2020.09.29"]
[Round "6"]
[White "Chuchofrio1"]
[Black "PauloCesarCosta_sad"]
[Result "1-0"]
[WhiteElo "2404"]
[BlackElo "2300"]
[TimeControl "180+1"]
[EndTime "11:05:02 PDT"]
[Termination "Chuchofrio1 won on time"]

1. d4 d5 2. c4 c6 3. cxd5 cxd5 4. Bf4 e6 5. Nc3 Bd6 6. Bxd6 Qxd6 7. e3 Bd7 8. Bd3 Nf6 9. f4 O-O 10. Nf3 Nc6 11. Rc1 Rac8 12. Ne5 Ne7 13. O-O Ng6 14. Qf3 Qb6 15. Rc2 Bc6 16. Nxc6 Rxc6 17. g4 a6 18. Rcf2 Qc7 19. g5 Ne8 20. Qh5 Nd6 21. Rf3 Rd8 22. Rh3 Nf8 23. Bxh7+ Nxh7 24. Qxh7+ Kf8 25. Qh8+ Ke7 26.
Qxg7 Nf5 27. Qf6+ Kd7 28. Nxd5 exd5 29. Qxf5+ Re6 30. Qxd5+ Qd6 31. Qxb7+ Qc7 32. Qxc7+ Kxc7 33. Kf2 Rb6 34. Rc1+ Kb7 35. Rc2 Rd5 36. Rh7 Rd7 37. h4 Rbd6 38. h5 a5 39. h6 Rg6 40. Rg7 Rdd6 41.
Rxg6 Rxg6 42. h7 Kb6 43. h8=Q a4 44. Qb8+ Ka6 45. Rc7 1-0

[Event "*** SCC Grand Prix: Titled Tuesday Blitz"]
[Site "Chess.com"]
[Date "2020.09.29"]
[Round "6"]
[White "vladislavkovalev"]
[Black "Indianlad"]
[Result "1-0"]
[WhiteElo "2849"]
[BlackElo "2928"]
[TimeControl "180+1"]
[EndTime "11:05:04 PDT"]
[Termination "vladislavkovalev won by checkmate"]

1. e4 c6 2. Nc3 d5 3. Nf3 Bg4 4. h3 Bxf3 5. Qxf3 e6 6. Be2 Bc5 7. O-O Ne7 8. Rd1 Bd4 9. Bf1 O-O 10. exd5 exd5 11. Ne2 Bb6 12. d4 Nd7 13. c3 Nf6 14.
Ng3 Ne8 15. Bd3 Nd6 16. Bf4 f5 17. Bxd6 Qxd6 18. Re1 Bc7 19. Re2 Ng6 20. Rae1 Nf4 21. Re5 Nxd3 22. Qxd3 g6 23. Nf1 Rf7 24. Re6 Qd7 25.
Nd2 Bd6 26. Nf3 Re7 27. Rxe7 Bxe7 28. h4 Bf6 29. Qe3 Kf7 30. Qh6 Kg8 31. h5 Qf7 32.
Ne5 Bxe5 33. Rxe5 Re8 34. Qg5 Rxe5 35. dxe5 Qe6 36. Qd8+ Kg7 37. Qc7+ Kf8 38. Qxh7 gxh5 39. f4 Qf7 40. Qh8+ Ke7 41. Qb8 Ke6 42. Qd6# 1-0

[Event "*** SCC Grand Prix: Titled Tuesday Blitz"]
[Site "Chess.com"]
[Date "2020.09.29"]
[Round "6"]
[White "Schandenfreude"]
[Black "SanchezKelvin"]
[Result "0-1"]
[WhiteElo "2561"]
[BlackElo "2408"]
[TimeControl "180+1"]
[EndTime "11:05:04 PDT"]
[Termination "SanchezKelvin won by resignation"]

1. d4 Nf6 2. Bf4 d5 3. e3 c5 4.
c3 Nc6 5. Nd2 Qb6 6. Qb3 c4 7.
Qc2 Nh5 8. Bg5 h6 9. Bh4 g5 10. Be2 Ng7 11. Bg3 Bf5 12. e4 Bh7 13. Qc1 Bxe4 14. Nxe4 dxe4 15. Bxc4 f5 16. f4 gxf4 17. Bxf4 e5 18. dxe5 O-O-O 19. Nh3 Nh5 20. Be3 Bc5 21.
Bxc5 Qxc5 22. Be2 Nxe5 23. Qc2 Nd3+ 24. Bxd3 Rxd3 25. Qf2 Re3+ 26. Kf1 f4 27. Nxf4 Nxf4 28. Qxf4 Rf8 0-1

[Event "*** SCC Grand Prix: Titled Tuesday Blitz"]
[Site "Chess.com"]
[Date "2020.09.29"]
[Round "6"]
[White "awesomevishesh"]
[Black "Playgood28"]
[Result "0-1"]
[WhiteElo "2422"]
[BlackElo "2332"]
[TimeControl "180+1"]
[EndTime "11:05:04 PDT"]
[Termination "Playgood28 won on time"]

1. e4 e5 2. Nf3 d6 3. d4 exd4 4. Nxd4 Nf6 5. Nc3 Be7 6. Bc4 O-O 7. O-O Nxe4 8. Nxe4 d5 9. Bd3 dxe4 10. Bxe4 Re8 11. Be3 Bf6 12. Bf3 Nd7 13. c3 Ne5 14.
Be2 a6 15. h3 c5 16. Nf3 Qc7 17. Qd5 Nxf3+ 18. Bxf3 Re5 19. Qd2 Re8 20. Qd5 Re5 21. Bf4 Rxd5 22. Bxc7 Rd2 23. Rad1 Rxb2 24. Rfe1 Be6 25.
Re2 Rxe2 26. Bxe2 Rc8 27. Bb6 Bxa2 28. Bf3 h6 29. Bxb7 Rb8 0-1

[Event "*** SCC Grand Prix: Titled Tuesday Blitz"]
[Site "Chess.com"]
[Date "2020.09.29"]
[Round "6"]
[White "hungrycaterpillar4"]
[Black "mamey78"]
[Result "1-0"]
[WhiteElo "2622"]
[BlackElo "2408"]
[TimeControl "180+1"]
[EndTime "11:05:07 PDT"]
[Termination "hungrycaterpillar4 won on time"]

1. d4 d5 2. Bf4 Nf6 3. e3 c5 4.
Nf3 e6 5. c3 Bd6 6. Bg3 Qc7 7. dxc5 Qxc5 8. Nbd2 O-O 9. Bd3 Nbd7 10.
Qe2 e5 11. e4 dxe4 12. Bxe4 Re8 13.
Rd1 Qc7 14. O-O Nc5 15. Rfe1 Bg4 16. h3 Bh5 17. Bh4 Nfxe4 18. Nxe4 Nxe4 19. Qxe4 Bf8 20. Rd5 Bg6 21. Qg4 f5 22. Qa4 e4 23. Ng5 Rad8 24.
Ne6 Rxe6 25. Rxd8 f4 26. Red1 e3 27. fxe3 fxe3 28. Rf1 Rf6 29. Bxf6 e2 30. Re1 gxf6 31.
Rd2 Qc5+ 32. Kh1 1-0

[Event "*** SCC Grand Prix: Titled Tuesday Blitz"]
[Site "Chess.com"]
[Date "2020.09.29"]
[Round "6"]
[White "dominikaf"]
[Black "JoliyRoger"]
[Result "0-1"]
[WhiteElo "2301"]
[BlackElo "2440"]
[TimeControl "180+1"]
[EndTime "11:05:09 PDT"]
[Termination "JoliyRoger won on time"]

1. d4 Nf6 2. Bf4 e6 3. e3 c5 4. Nd2 d5 5. c3 Nc6 6. Ngf3 Nh5 7. Bg3 Be7 8. Bd3 Nxg3 9. hxg3 g6 10. Qe2 b6 11. Rd1 Bf6 12. dxc5 bxc5 13. e4 O-O 14. e5 Bg7 15. g4 Qc7 16. Qe3 Nxe5 17. Bc2 d4 18. Qg5 d3 19. Bb1 c4 20. Qh4 h6 21.
O-O Nxf3+ 22. Nxf3 e5 23. Rfe1 Bb7 24. b3 cxb3 25.
axb3 Qxc3 26. Rxd3 Qc7 27. Rde3 Rae8 28. g5 h5 29. Be4 Bc8 0-1

[Event "*** SCC Grand Prix: Titled Tuesday Blitz"]
[Site "Chess.com"]
[Date "2020.09.29"]
[Round "6"]
[White "MateusViageiro"]
[Black "shineatchess"]
[Result "1-0"]
[WhiteElo "2348"]
[BlackElo "2209"]
[TimeControl "180+1"]
[EndTime "11:05:09 PDT"]
[Termination "MateusViageiro won on time"]

1. e4 Nf6 2. e5 Nd5 3. Nf3 d6 4. d4 g6 5. Bc4 Nb6 6. Bb3 Bg7 7. Bxf7+ Kxf7 8. Ng5+ Ke8 9. e6 Rf8 10. d5 c6 11.
Nxh7 Nxd5 12. Qg4 Qa5+ 13. c3 Nc7 14. Qxg6+ Kd8 15. Nxf8 Qe5+ 16. Be3 Bxf8 17. O-O Qxe6 18. Qg3 Qg4 19. Nd2 Nba6 20. h3 Qxg3 21. fxg3 Ke8 22. g4 Be6 23. Ne4 Kd7 24. Ng5 Nd5 25.
Nxe6 Kxe6 26. Bd4 Bh6 27. Rae1+ Kd7 28. h4 Rg8 29. g5 Bg7 30. Rf7 Ke8 31. Rxg7 1-0

[Event "*** SCC Grand Prix: Titled Tuesday Blitz"]
[Site "Chess.com"]
[Date "2020.09.29"]
[Round "6"]
[White "Goryachkina"]
[Black "stolencandy13"]
[Result "1-0"]
[WhiteElo "2644"]
[BlackElo "2463"]
[TimeControl "180+1"]
[EndTime "11:05:10 PDT"]
[Termination "Goryachkina won by resignation"]

1. e4 c6 2. d4 d5 3. exd5 cxd5 4. Bd3 Nc6 5. c3 Qc7 6. h3 Nf6 7. Nf3 e5 8. dxe5 Nxe5 9. O-O Bd6 10. Bg5 Nfd7 11. Nxe5 Nxe5 12. Bb5+ Bd7 13. Bxd7+ Qxd7 14. Qxd5 Qc6 15. Qxc6+ Nxc6 16. Re1+ Kd7 17. Nd2 f6 18. Be3 Rad8 19. Rad1 Kc8 20. Nc4 Bc7 21. a4 h5 22. Kf1 h4 23. b4 Kb8 24. Ke2 Rhe8 25. Rxd8+ Rxd8 26. Rd1 Re8 27. Rd7 g5 28. b5 Ne5 29.
Nxe5 Bxe5 30. Kd3 Rc8 31. c4 b6 32. a5 Bc7 33. Ke4 Re8+ 34. Kd5 bxa5 35. Bxa7+ Kc8 36.
Rf7 a4 37. b6 Be5 38. b7+ Kd8 39. Bb6+ 1-0

[Event "*** SCC Grand Prix: Titled Tuesday Blitz"]
[Site "Chess.com"]
[Date "2020.09.29"]
[Round "6"]
[White "Julianos82"]
[Black "rynos0411"]
[Result "0-1"]
[WhiteElo "2308"]
[BlackElo "2430"]
[TimeControl "180+1"]
[EndTime "11:05:10 PDT"]
[Termination "rynos0411 won by checkmate"]

1. d4 Nf6 2. Nf3 e6 3. Bg5 d5 4. e3 Be7 5. Nbd2 O-O 6. Bd3 c5 7. c3 Nc6 8. O-O b6 9. Ne5 Bb7 10. f4 cxd4 11. exd4 Rc8 12. Qf3 Nd7 13. Bxh7+ Kxh7 14.
Qh5+ Kg8 15. Rf3 Ndxe5 16. Rh3 f6 17. fxe5 fxg5 18. Rf1 Rxf1+ 19. Nxf1 g4 20. Qxg4 Qd7 21. Qh5 Rf8 22. Ne3 Ba6 23. Qg6 Nxe5 24. Qh7+ Kf7 25. dxe5 Ke8 26. Rg3 Bc5 27. h3 Qc7 28. Rxg7 Bxe3+ 29.
Kh1 Qc5 30. Rc7 Rf1+ 31. Kh2 Bf4+ 32. g3 Qf2# 0-1

[Event "*** SCC Grand Prix: Titled Tuesday Blitz"]
[Site "Chess.com"]
[Date "2020.09.29"]
[Round "6"]
[White "TokChess"]
[Black "ElusiveCat"]
[Result "0-1"]
[WhiteElo "2395"]
[BlackElo "2296"]
[TimeControl "180+1"]
[EndTime "11:05:10 PDT"]
[Termination "ElusiveCat won by resignation"]

1. e4 c5 2. Ne2 d6 3. g3 g6 4.
Bg2 Bg7 5. O-O Nc6 6. c3 e5 7. a3 a5 8. a4 Nge7 9. Na3 O-O 10. Nb5 Be6 11. d4 cxd4 12. cxd4 Bc4 13. d5 Nb4 14. b3 Bd3 15. Bd2 Bxb5 16. axb5 Qb6 17. Bxb4 axb4 18. Qd3 f5 19. Ra4 fxe4 20. Qxe4 Rxa4 21. bxa4 Qc5 22. Bh3 b3 23. Be6+ Kh8 24. Kg2 b2 25. f3 Nf5 26. Rb1 Ne3+ 27. Kh3 Nc4 28. Qc2 Qb4 29. Nc3 e4 30. Nxe4 Na3 31. Qxb2 Bxb2 0-1